 Dungeon Crawl Stone Soup version 0.17.1-1-g73c8601 (webtiles) character file.

143 HEYYEYAAE the Ducker (level 5, 0/28 HPs)
             Began as a Spriggan Fighter on Dec 21, 2015.
             Was an Initiate of Nemelex Xobeh.
             Slain by a phantom (7 damage)
             ... on level 3 of the Dungeon.
             The game lasted 00:06:47 (3344 turns).

HEYYEYAAE the Ducker (Spriggan Fighter)             Turns: 3344, Time: 00:06:48

Health: 0/28       AC:  7    Str: 18      XL:     5   Next: 4%
Magic:  8/8        EV: 25    Int: 10      God:    Nemelex Xobeh [......]
Gold:   76         SH:  7    Dex: 19 (20) Spells: 0 memorised, 7 levels left

rFire  . . .     SeeInvis +     q - +5 falchion (protect)
rCold  . . .     Clarity  .     a - +0 robe
rNeg   . . .     SustAt   .     b - +0 buckler
rPois  +         Gourm    .     (helmet restricted)
rElec  .         Spirit   .     (no cloak)
rCorr  .         Warding  .     (gloves unavailable)
rMut   .         Stasis   .     (boots unavailable)
MR     .....                    (no amulet)
Stlth  +++.......               (no ring)
                                f - ring of poison resistance

@: mighty, agile, very quick, not resistant to hostile enchantments, fairly
stealthy
A: unfitting armour, see invisible, herbivore 3, speed 3, slow metabolism 2
a: Renounce Religion


You were on level 3 of the Dungeon.
You worshipped Nemelex Xobeh.
Nemelex Xobeh was noncommittal.
You were hungry.

You visited 2 branches of the dungeon, and saw 5 of its levels.

You collected 76 gold pieces.

Inventory:

Hand Weapons
 q - a +5 falchion of protection (weapon)
Missiles
 i - 19 arrows
Armour
 a - a +0 robe (worn)
 b - a +0 buckler (worn)
Jewellery
 f - a ring of poison resistance (left hand)
Scrolls
 c - a scroll of identify
 e - a scroll of noise
 g - a scroll of enchant armour
 h - 2 scrolls of teleportation
 j - 2 scrolls of fear
 l - a scroll of enchant weapon
Potions
 n - a potion of cancellation
 p - a potion of heal wounds {unknown}
Comestibles
 d - 2 bread rations


   Skills:
 * Level 3.3 Fighting
 + Level 0.7 Armour
 + Level 5.0 Dodging
 + Level 2.5 Shields
 + Level 2.3 Unarmed Combat
 + Level 1.6 Spellcasting
 + Level 0.3 Evocations


You had 7 spell levels left.
You didn't know any spells.

Dungeon Overview and Level Annotations

Branches:
Dungeon (4/15)             Temple (1/1) D:4

Altars:
Ashenzari
Elyvilon
Fedhas
Gozag
Kikubaaqudgha
Makhleb
Nemelex Xobeh
Okawaru
Qazlal
Ru
Trog
Vehumet
Yredelemnul
Zin

Annotations:
D:3 duckywithit's ghost, amateur DsAK
D:4 Menkaure


Innate Abilities, Weirdness & Mutations

You are tiny and cannot use many weapons and most armour.
You have supernaturally acute eyesight.
You are a herbivore.
You cover ground extremely quickly.
You need consume almost no food.


Message History

The phantom hits you. x2
You hit the phantom.
The phantom is heavily damaged.
You block the phantom's attack.
Unknown command.
Drink which item? (? for menu, Esc to quit)
You feel very mighty all of a sudden. The phantom completely misses you.
You slash the phantom!
The phantom is almost destroyed.
The phantom hits you.
* * * LOW HITPOINT WARNING * * *
You are too injured to fight recklessly!
Unknown command.
Drink which item? (? for menu, Esc to quit)
It was a potion of agility.
You feel agile all of a sudden. The phantom hits you!
You die...
Your body disappears without a glow.

### #. #.. ### #. #.#
#.#.#### #. #.#
#.#....####.####.#######
#.#.##....(....#@.......
#.#.##..####(.gW########
#....#..#.)†..gK#
....<#..#<##...W#
#...##.†........+
#...###.#.......#
+...'...#[##....#
#...#.###..#....#
#...#.# ........#


You could see a phantom, duckywithit's ghost, a gnoll, a goblin and a kobold.

Vanquished Creatures
  A giant frog skeleton (D:4)
  4 adders
  5 giant geckos
  A ball python (D:2)
  7 bats
  5 giant cockroaches
  9 goblins
  9 hobgoblins
  4 jackals
  3 kobolds
  A quokka (D:2)
  3 giant newts
  7 rats
59 creatures vanquished.

Vanquished Creatures (collateral kills)
  Terence (D:3)
  A rat (D:3)
2 creatures vanquished.

Grand Total: 61 creatures vanquished

Notes
Turn   | Place    | Note
--------------------------------------------------------------
     0 | D:1      | HEYYEYAAE the Spriggan Fighter began the quest for the Orb.
     0 | D:1      | Reached XP level 1. HP: 11/11 MP: 2/2
   380 | D:1      | Reached XP level 2. HP: 13/16 MP: 3/3
   918 | D:2      | Reached XP level 3. HP: 15/19 MP: 4/4
  1424 | D:2      | Found a white marble altar of Elyvilon.
  1531 | D:2      | Reached skill level 1 in Spellcasting
  1884 | D:3      | Noticed duckywithit's ghost (amateur DsAK)
  1898 | D:2      | Reached XP level 4. HP: 14/24 MP: 6/6
  2434 | D:3      | Noticed Terence
  2765 | D:4      | Found an ancient bone altar of Kikubaaqudgha.
  2985 | D:4      | Found a staircase to the Ecumenical Temple.
  3000 | Temple   | Entered the Ecumenical Temple
  3140 | Temple   | Became a worshipper of Nemelex Xobeh the Trickster
  3184 | Temple   | Received a gift from Nemelex Xobeh
  3218 | D:4      | Noticed Menkaure
  3284 | D:3      | Killed Terence
  3284 | D:3      | Reached XP level 5. HP: 28/28 MP: 8/8
  3307 | D:3      | Noticed a phantom
  3327 | D:3      | Reached skill level 5 in Dodging
  3344 | D:3      | Slain by a phantom

Action                   |  1- 3 |  4- 6 || total
-------------------------+-------+-------++-------
Melee: Unarmed           |   217 |   104 ||   321
       Short sword       |     6 |       ||     6
       Falchion          |       |    13 ||    13
Evoke: Deck              |       |     5 ||     5
  Use: Potion            |     3 |     2 ||     5
       Scroll            |     6 |     3 ||     9
 Stab: Sleeping          |     1 |     1 ||     2
